 Dungeon Crawl Stone Soup version 0.30-a0-1094-g860fb061e7 (webtiles) character file.

Game seed: 12126666550057958632

1469640 greynaab the Metallomancer (level 27, 179/179 HPs)
             Began as a Gargoyle Earth Elementalist on Apr 12, 2023.
             Was the Champion of Vehumet.
             Escaped with the Orb
             ... and 3 runes on Apr 17, 2023!
             The game lasted 07:30:05 (96342 turns).

greynaab the Metallomancer (GrEE)                  Turns: 96342, Time: 07:30:06

Health: 179/179    AC: 49    Str: 21    XL:     27
Magic:  51/51      EV: 14    Int: 28    God:    Vehumet [******]
Gold:   2881       SH: 34    Dex: 12    Spells: 9/67 levels left

rFire   + . .      SeeInvis +    b - +9 demon whip (freeze)
rCold   + + .      Faith    .    e - +8 tower shield
rNeg    + . .      Spirit   .    B - quicksilver dragon scales
rPois   ∞          Reflect  +    A - +2 helmet
rElec   +          Rampage  .    R - -1 cloak "Bimaurgh" {rF+ rC+ Regen+ Str-2}
rCorr   +                        V - +2 pair of gloves
Will    ++++.                    X - +1 pair of boots of Xom's Displeasure {Contam Fly rPois Str+6}
Stlth   ++                       c - amulet "Utocin" {Reflect rF- Regen+ Dex+2 SH+5 SInv}
HPRegen 2.89/turn                h - ring of protection from fire
MPRegen 0.32/turn                H - ring "Paav" {rC+ rCorr MP+9 Str+3 Int+2}

@: flying, studying 3 skills
A: sickness immunity, AC +20, big wings, negative energy resistance 1,
electricity resistance, torment resistance 1, petrification resistance, claws 1,
deterioration 1, dopey 1, low MP 1, strong-willed 1, regeneration 1
0: Orb of Zot
}: 3/15 runes: serpentine, barnacled, silver
a: Renounce Religion


You escaped.
You worshipped Vehumet.
Vehumet was exalted by your worship.
You visited 11 branches of the dungeon, and saw 51 of its levels.
You also visited: Trove, Ossuary and Wizlab.

You collected 9602 gold pieces.
You spent 6721 gold pieces at shops.

Inventory:

Hand Weapons
 b - a +9 demon whip of freezing (weapon)
 w - the +7 demon whip of Kaschyubi {vamp, Dex+3}
   (You found it in a treasure trove)

   Dex:       It affects your dexterity (+3).
Missiles
 k - 7 curare-tipped darts
 T - 6 throwing nets
Armour
 e - a +8 tower shield (worn)
 A - a +2 helmet (worn)
 B - quicksilver dragon scales (worn)
 R - the -1 cloak "Bimaurgh" (worn) {rF+ rC+ Regen+ Str-2}
   (You found it on level 5 of the Vaults)

   Str:       It affects your strength (-2).
   rF:        It protects you from fire.
   rC:        It protects you from cold.
   Regen:     It increases your rate of health regeneration.
 V - a +2 pair of gloves (worn)
 X - the +1 pair of boots of Xom's Displeasure (worn) {Contam Fly rPois Str+6}
   (You found it on level 14 of the Dungeon)

   Str:       It affects your strength (+6).
   rPois:     It protects you from poison.
   Fly:       It grants you flight.
   Contam:    It causes magical contamination when unequipped.
Magical Staves
 a - the staff of conjuration "Gidy" {MP+9 Dex+4 Stlth-}
   (You found it on level 3 of the Elven Halls)

   [staff of conjuration]

   Base accuracy: +5 Base damage: 5 Base attack delay: 1.2 This weapon's minimum
   attack delay (0.6) is reached at skill level 12.
   Dex:       It affects your dexterity (+4).
   MP:        It affects your magic capacity (+9).
   Stlth:     It makes you less stealthy.
   It falls into the 'Staves' category.
   It is a one-handed weapon.
Jewellery
 c - the amulet "Utocin" (around neck) {Reflect rF- Regen+ Dex+2 SH+5 SInv}
   (You took it off a deep elf demonologist on level 3 of the Elven Halls)

   [amulet of reflection]

   It reflects blocked missile attacks.
   Dex:       It affects your dexterity (+2).
   rF:        It makes you vulnerable to fire.
   SInv:      It lets you see invisible.
   Regen:     It increases your rate of health regeneration.
   SH:        It affects your SH (+5).
 h - a ring of protection from fire (left hand)
 m - an amulet of the acrobat
 H - the ring "Paav" (right hand) {rC+ rCorr MP+9 Str+3 Int+2}
   (You took it off a deep elf sorcerer on level 3 of the Elven Halls)

   [ring of resist corrosion]

   Str:       It affects your strength (+3).
   Int:       It affects your intelligence (+2).
   rC:        It protects you from cold.
   MP:        It affects your magic capacity (+9).
   rCorr:     It protects you from acid and corrosion.
 K - a ring of see invisible
 L - a ring of wizardry
 Z - a ring of wizardry
Wands
 f - a wand of acid (19)
 g - a wand of digging (33)
 D - a wand of iceblast (33)
 O - a wand of paralysis (58)
 U - a wand of polymorph (33)
Scrolls
 i - 22 scrolls of teleportation
 j - 7 scrolls of amnesia
 l - 4 scrolls of silence
 o - 3 scrolls of vulnerability
 p - 17 scrolls of poison
 r - 6 scrolls of blinking
 E - a scroll of summoning
 N - 7 scrolls of fear
 Q - 5 scrolls of immolation
 S - 10 scrolls of fog
Potions
 d - 5 potions of attraction
 n - 8 potions of cancellation
 q - 2 potions of haste
 s - 3 potions of berserk rage
 t - 4 potions of magic
 u - 2 potions of resistance
 v - 6 potions of lignification
 x - 17 potions of mutation
 y - 5 potions of ambrosia
 z - 20 potions of curing
 C - 3 potions of brilliance
 I - 13 potions of might
 P - 2 potions of invisibility
 W - 18 potions of heal wounds
Miscellaneous
 F - a condenser vane
 G - a phantom mirror
 J - a lightning rod (4/4)
 M - a box of beasts
 Y - a phial of floods


   Skills:
 - Level 20.0 Fighting
 - Level 12.0 Maces & Flails
 - Level 20.1 Armour
 - Level 12.0 Dodging
 - Level 10.0 Stealth
 - Level 20.0 Shields
 + Level 20.7 Spellcasting
 - Level 15.0 Conjurations
 - Level 10.0 Summonings
 - Level 0.7 Transmutations
 - Level 7.0 Ice Magic
 - Level 25.0 Earth Magic
 - Level 10.0 Evocations


You had 9 spell levels left.
You knew the following spells:

 Your Spells              Type           Power      Damage    Failure   Level
a - Sandblast             Erth           100%       2d20      0%          1
b - Lehudib's Crystal Sp  Conj/Erth      48%        10d11     1%          8
c - Shatter               Erth           53%        3d40*     3%          9
d - Mephitic Cloud        Conj/Pois/Air  54%        N/A       1%          3
e - Orb of Destruction    Conj           42%        9d12      1%          7
f - Dazzling Flash        Conj/Hex       100%       N/A       1%          3
g - Freezing Cloud        Conj/Ice/Air   31%        6-21      1%          5
h - Irradiate             Conj/Tmut      32%        3d22      1%          5
i - Iron Shot             Conj/Erth      48%        9d9       1%          6
j - Spellforged Servitor  Conj/Summ      39%        N/A       5%          7
k - Animate Armour        Summ/Erth      100%       N/A       1%          4

Your spell library contained the following spells:

 Spells                   Type           Power      Damage    Failure   Level
 Chain Lightning          Conj/Air       31%        3d42      100%        9
 Magic Dart               Conj           100%       1d8       0%          1
 Stone Arrow              Conj/Erth      100%       3d13      0%          3
 Freeze                   Ice            100%       1d10      1%          1
 Kiss of Death            Conj/Necr      100%       2d13      1%          1
 Shock                    Conj/Air       100%       1d9       1%          1
 Call Imp                 Summ           100%       N/A       1%          2
 Ensorcelled Hibernation  Hex/Ice        96%        N/A       1%          2
 Momentum Strike          Conj/Tloc      100%       3d10      1%          2
 Passwall                 Tmut/Erth      65%        N/A       1%          2
 Poisonous Vapours        Pois/Air       58%        N/A       1%          2
 Scorch                   Fire           58%        2d7       1%          2
 Frozen Ramparts          Ice            100%       1d16      1%          3
 Hailstorm                Conj/Ice       74%        3d15      1%          3
 Ozocubu's Armour         Ice            62%        N/A       1%          3
 Summon Guardian Golem    Hex/Summ       54%        N/A       1%          3
 Flame Wave               Conj/Fire      63%        2d15      1%          4
 Iskenderun's Mystic Bla  Conj/Tloc      63%        2d13      1%          4
 Petrify                  Tmut/Erth      79%        N/A       1%          4
 Arcjolt                  Conj/Air       31%        1d41      1%          5
 Beastly Appendage        Tmut           66%        N/A       2%          1
 Slow                     Hex            100%       N/A       3%          1
 Sting                    Tmut/Pois      100%       1d8       3%          1
 Volatile Blastmotes      Fire/Tloc      58%        2d14      3%          3
 Wereblood                Tmut           33%        N/A       4%          2
 Blink                    Tloc           58%        N/A       5%          2
 Lesser Beckoning         Tloc           58%        N/A       5%          2
 Conjure Ball Lightning   Conj/Air       31%        3x3d10    7%          6
 Starburst                Conj/Fire      31%        6d10      7%          6
 Spider Form              Tmut/Pois      31%        N/A       10%         3
 Summon Cactus Giant      Summ           35%        N/A       10%         6
 Confusing Touch          Hex            29%        N/A       11%         3
 Swiftness                Air            29%        N/A       11%         3
 Tukima's Dance           Hex            29%        N/A       11%         3
 Vampiric Draining        Necr           29%        2d8       11%         3
 Vhi's Electric Charge    Tloc/Air       58%        N/A       11%         3
 Airstrike                Air            14%        2d(3-19)  11%         4
 Olgreb's Toxic Radiance  Pois           29%        N/A       11%         4
 Yara's Violent Unravell  Hex/Tmut       15%        3d8       22%         5
 Anguish                  Hex/Necr       14%        N/A       36%         4
 Animate Dead             Necr           29%        N/A       36%         4
 Cause Fear               Hex            14%        N/A       36%         4
 Dispel Undead            Necr           29%        3d13      36%         4
 Manifold Assault         Tloc           29%        N/A       36%         4
 Passage of Golubria      Tloc           29%        N/A       36%         4
 Ozocubu's Refrigeration  Ice            31%        4d14      41%         7
 Blade Hands              Tmut           16%        N/A       61%         5
 Agony                    Necr           29%        N/A       71%         5
 Silence                  Hex/Air        14%        N/A       71%         5
 Simulacrum               Ice/Necr       24%        N/A       80%         6
 Haunt                    Necr/Summ      27%        N/A       99%         7
 Dragon Form              Tmut           16%        N/A       100%        7
 Enfeeble                 Hex            14%        N/A       100%        7
 Storm Form               Tmut/Air       15%        N/A       100%        7
 Discord                  Hex            14%        N/A       100%        8
 Disjunction              Tloc           14%        N/A       100%        8
 Ignition                 Fire           14%        3d6       100%        8
 Maxwell's Capacitive Co  Air            14%        ∞         100%        8
 Necromutation            Tmut/Necr      15%        N/A       100%        8
 Dragon's Call            Summ           35%        N/A       100%        9
 Polar Vortex             Ice            31%        N/A       100%        9
 Cigotuvi's Dreadful Rot  Necr/Pois/Air  Unusable   N/A       N/A         2
 Sublimation of Blood     Necr           Unusable   N/A       N/A         2

Dungeon Overview and Level Annotations

Branches:
Dungeon (15/15)            Temple (1/1) D:5            Lair (5/5) D:11
 Shoals (4/4) Lair:3        Snake (4/4) Lair:2        Slime (0/5) Lair:5
    Orc (2/2) D:9             Elf (3/3) Orc:2        Vaults (5/5) D:14
  Crypt (3/3) Vaults:3       Tomb (0/3) Crypt:3      Depths (4/4) D:15
    Zot (5/5) Depths:4    Ossuary (visited)          WizLab (visited)

Altars:
Ashenzari
Cheibriados
Dithmenos
Elyvilon
Fedhas
Gozag
Hepliaklqana
Kikubaaqudgha
Makhleb
Nemelex Xobeh
Qazlal
Ru
Sif Muna
Trog
Uskayaw
Vehumet
Wu Jian
Xom
Yredelemnul
Zin
The Shining One
Jiyva
Lugonu

Shops:
D:5 [   D:6 [   D:11 *[   Orc:2 (*:[   Elf:2 :   Snake:4 =:=   Vaults:4 *
Vaults:5 :   Crypt:1 **   Depths:1 ?   Depths:4 ?!

Portals:
Hell: Depths:1 Depths:2 Depths:3 Depths:4
Abyss: Depths:3
Pandemonium: Depths:1 Depths:2 Depths:3 Depths:4
Ziggurat: Depths:2

Annotations:
Temple 2 transporters
Depths:3 2 transporters
Zot:2 3 runed translucent doors, Bucoetae's ghost, veteran OgBe; Jeanorph's ghost, legendary MiBe; Meadakhi's ghost, master DgEE; Sackuas's ghost, veteran OgBe; cforsyth's ghost, legendary OpSu


Innate Abilities, Weirdness & Mutations

You are immune to sickness and miasma.
Your stone body is resilient. (AC +20)
You are immune to poison.
Your large and strong wings let you fly.
You resist negative energy. (rN+)
You are resistant to electric shocks. (rElec)
You are resistant to unholy torment.
You are immune to petrification.
You have sharp fingernails.
Your body sometimes deteriorates upon taking damage.
You are dopey. (Int -2)
Your magical capacity is low. (-10% MP)
You are strong-willed. (Will+)
Your natural rate of healing is unusually fast.


Message History

You hit the shadow demon.
The shadow demon is heavily wounded.
You block the shadow demon's attack.
You closely miss the shadow demon.
The shadow demon is heavily wounded.
The shadow demon gestures.
You whack the shadow demon! You freeze the shadow demon.
The shadow demon is severely wounded.
You thrash the shadow demon!!
You kill the shadow demon!
Vehumet accepts your kill.
The adder dissolves into shadows!
The kobold dissolves into shadows! x2
You fly upwards.
There is a stone staircase leading down here.
(D) Dungeon (T) Temple (L) Lair (A) Shoals (P) Snake Pit (M) Slime Pits (O) Orcish Mines (E) Elven Halls (V) Vaults (C) Crypt (W) Tomb (U) Depths (H) Hell (Z) Zot
Where to? (Enter - D:1, ? - help)
What level of the Dungeon? (default 1, ? - help)
There is a stone staircase leading up here.
You fly upwards.
There is a stone staircase leading down here.
Aiming: Dig
Press: ? - help, Shift-Dir - straight line A rock wall.
This square is covered in magical glow.
The rock shatters into small pieces.
Aiming: Dig
Press: ? - help, Shift-Dir - straight line A rock wall.
This square is covered in magical glow.
The rock shatters into small pieces.
Aiming: Dig
Press: ? - help, Shift-Dir - straight line A rock wall.
This square is covered in magical glow.
The rock shatters into small pieces.
There is a staircase leading out of the dungeon here.
You have escaped!

................#
####.########.###
# ##.## #.# #
##.## #.# # ##.##
#.# # ##.## #.# #
##.###.# #
##.##.#♣♣♣♣♣♣♣♣♣
# ##.#.#♣@......♣
# ##..#♣.PPPPP.♣
# ##....P≈≈~P.♣ #
##.♣.P≈8≈P.♣ #
##♣.P~≈~P.♣


♣.PPPPP.♣ ♣.......♣ ♣♣♣♣♣♣♣♣♣ There were no monsters in sight!

Vanquished Creatures
  5 dread liches
  4 ancient liches
  4 orbs of fire (Zot:5)
  A juggernaut (Depths:1)
  A royal mummy (Crypt:3)
  Parghit (Zot:1)
  Frederick (Vaults:4)
  3 Killer Klowns (Zot:5)
  A caustic shrike (Depths:1)
  Xtahua (Vaults:5)
  2 curse toes
  Nikola (Snake:3)
  10 golden dragons
  A bone dragon (Depths:4)
  The ghost of Micliseo the Warrior, an adept GrFi of Cheibriados (Crypt:1)
  Rupert (Orc:2)
  2 electric golems
  12 tentacled monstrosities
  7 titans
  A shard shrike zombie (Crypt:3)
  5 liches
  19 Orb Guardians
  Asterion (Depths:2)
  3 quicksilver dragons
  7 deep elf master archers
  7 death cobs
  2 deep elf blademasters (Elf:3)
  Polyphemus (Shoals:4)
  5 sphinxes
  Donald (Shoals:2)
  8 ancient champions
  Kirke (Shoals:1)
  3 tengu reavers
  6 storm dragons
  10 shadow dragons
  A shadow dragon (shapeshifter) (Vaults:5)
  10 draconian monks
  A thorn hunter (WizLab)
  10 nagarajas
  10 fire giants
  A revenant (Crypt:3)
  8 vault wardens
  8 draconian knights
  4 draconian scorchers
  2 iron dragons
  3 fenstrider witches (WizLab)
  7 frost giants
  7 deep elf sorcerers
  A pandemonium lord (Depths:1)
  6 draconian shifters
  A balrug (D:13)
  7 ghost moths
  3 draconian stormcallers
  3 orc warlords
  7 deep elf elementalists (Elf:3)
  4 ghouls
  A cacodemon (D:14)
  4 draconian annihilators
  6 curse skulls
  10 ironbound preservers
  5 reapers
  3 war gargoyles
  9 stone giants
  3 ironbound thunderhulks
  2 spriggan defenders (Depths:1)
  A caustic shrike skeleton (Crypt:3)
  21 very ugly things
  2 eleionomae (WizLab)
  9 green draconians
  9 vampire knights
  5 deep elf demonologists
  9 black draconians
  The ghost of Kapsuk the Devastator, a journeyman DECj of Sif Muna (D:14)
  5 deep elf annihilators
  2 spark wasps (Depths:3)
  7 yellow draconians
  15 purple draconians
  7 red draconians
  7 eidola
  6 deep elf death magi
  4 merfolk javelineers
  A blizzard demon (Depths:3)
  8 white draconians
  3 dire elephants
  10 yaktaur captains
  6 merfolk impalers
  6 ettins
  2 mummy priests (Crypt:3)
  7 fire dragons
  Snorg (D:10)
  2 entropy weavers
  12 jiangshi
  3 hell beasts (Depths:2)
  7 ice dragons
  7 deep elf high priests
  Fannar (Lair:3)
  2 shambling mangroves (WizLab)
  3 rakshasas
  A catoblepas (Lair:4)
  29 vault guards
  A hydra (shapeshifter) (Vaults:5)
  7 great orbs of eyes
  3 salamander tyrants
  2 spriggan air magi
  3 merfolk avatars (Shoals:4)
  4 hydras
  Erolcha (Orc:2)
  2 alligator snapping turtles
  A death knight (D:14)
  8 two-headed ogres
  2 ogre magi
  2 boulder beetles (D:11)
  2 ironbound frosthearts
  7 anacondas
  21 centaur warriors
  A fenstrider witch skeleton (Crypt:2)
  A merfolk aquamancer (Shoals:1)
  4 satyrs
  5 tengu warriors
  2 death yaks (Shoals:4)
  5 deep troll shamans
  10 naga warriors
  9 shock serpents
  8 deep troll earth magi
  The ghost of holysushi the Nimble, a novice DrCj of Vehumet (D:9)
  10 naga sharpshooters
  6 orc high priests (Orc:2)
  A titan zombie (Crypt:3)
  7 spriggan berserkers
  13 dancing weapons
  4 vampire magi
  A shock serpent (shapeshifter) (D:14)
  7 hell hogs (Depths:2)
  2 soul eaters
  Amaemon (Lair:2)
  Urug (Lair:3)
  8 sun demons
  15 deep elf knights
  A fire crab (shapeshifter) (D:9)
  5 salamander mystics
  4 skysharks
  A sixfirhy (D:10)
  7 iron trolls
  4 glowing orange brains
  2 shadow wraiths
  28 skeletal warriors
  5 flayed ghosts
  30 deep trolls
  2 elf simulacra (Elf:1)
  9 sea snakes
  A sea snake (shapeshifter) (D:14)
  A bog body (Crypt:2)
  A swamp dragon (shapeshifter) (Vaults:5)
  12 orc knights
  A shadow demon (D:3)
  6 wizards
  2 lindwurms (Vaults:1)
  An obsidian statue (Crypt:1)
  2 mana vipers
  4 necromancers
  12 ironbound convokers
  4 naga ritualists
  21 deep elf archers
  13 phantasmal warriors
  30 deep elf pyromancers
  15 deep elf zephyrmancers
  26 harpies
  3 oklob plants
  A shadow dragon skeleton (Crypt:3)
  15 manticores
  4 orc sorcerers
  An iron dragon skeleton (Crypt:2)
  11 cyclopes
  33 ugly things
  2 eleionoma skeletons
  31 fauns
  19 moths of wrath
  17 salamanders
  A human skeleton (Vaults:3)
  A black mamba (shapeshifter) (Vaults:5)
  The ghost of hollowman the Gusty, a novice TeAE of Makhleb (D:7)
  5 guardian serpents
  A molten gargoyle (Lair:4)
  5 elephants
  3 water nymphs
  16 merfolk sirens
  A rust devil (Depths:3)
  3 smoke demons
  11 cane toads
  30 naga magi
  31 black mambas
  2 gargoyles
  Maggie (D:7)
  10 vault sentinels
  3 orange demons
  A naga skeleton (Crypt:3)
  3 kobold demonologists
  18 yaktaurs
  7 komodo dragons
  A yaktaur (shapeshifter) (Depths:4)
  4 rime drakes
  4 freezing wraiths
  An ice devil (Depths:4)
  2 unseen horror zombies (D:9)
  A tengu conjurer (D:15)
  A polar bear (shapeshifter) (D:14)
  A wind drake (shapeshifter) (D:9)
  A white draconian skeleton (Crypt:1)
  2 guardian mummies (Crypt:3)
  5 trolls
  2 hellwings
  30 merfolk
  10 hornets
  5 polar bears
  A meliai (shapeshifter) (D:9)
  A queen bee (shapeshifter) (Vaults:5)
  A tarantella (shapeshifter) (D:14)
  7 wind drakes
  A death drake skeleton (Crypt:2)
  4 nameless horrors
  A dream sheep (shapeshifter) (Vaults:5)
  A harpy skeleton (Crypt:3)
  19 blink frogs
  20 dream sheep
  6 snapping turtles
  15 slime creatures
  A centaur simulacrum (Crypt:3)
  A satyr zombie (Crypt:3)
  A culicivora (shapeshifter) (D:9)
  A flying skull (Elf:1)
  A jumping spider (Vaults:2)
  A shadow (D:12)
  A spriggan (shapeshifter) (D:14)
  14 spriggans
  3 fire elementals
  2 vampires (Elf:1)
  8 air elementals
  6 wyverns
  4 basilisks
  8 water elementals
  3 ushabtiu (Crypt:3)
  7 hogs
  A naga simulacrum (Crypt:3)
  5 wraiths
  A large abomination (Depths:1)
  A human (Lair:1)
  67 yaks
  A human (shapeshifter) (D:14)
  A steam dragon (D:6)
  A chaos spawn (Depths:1)
  3 redbacks (Vaults:3)
  11 vampire mosquitoes
  5 neqoxecs
  A two-headed ogre zombie (Crypt:3)
  A skyshark zombie (Crypt:1)
  A fire bat zombie (Crypt:1)
  A warg (Orc:2)
  A faun zombie (Crypt:3)
  43 nagas
  20 water moccasins
  Duvessa (D:5)
  An entropy weaver zombie (Crypt:1)
  A floating eye (Depths:2)
  An ice beast (shapeshifter) (Vaults:5)
  A fire bat skeleton (Crypt:1)
  3 ettin simulacra (Depths:2)
  A hornet zombie (D:9)
  34 orc warriors
  5 sky beasts
  8 black bears
  8 ogres
  9 boggarts
  50 wolves
  21 centaurs
  3 lemures
  2 kobold brigands
  2 elf zombies (Ossuary)
  Blork the orc (D:4)
  2 gnoll sergeants
  6 bullfrogs
  3 scorpions
  A wyvern zombie (Crypt:2)
  A water moccasin zombie (Crypt:3)
  An ogre simulacrum (Vaults:3)
  An earth elemental (Elf:3)
  19 wights
  Dowan (D:5)
  A raiju zombie (Crypt:3)
  7 killer bees
  A warg skeleton (Crypt:1)
  3 electric eels
  2 howler monkeys (D:7)
  2 spriggan skeletons
  2 centaur zombies
  A quasit (D:5)
  14 orc priests
  6 hounds
  A human zombie (Ossuary)
  4 gnoll boudas
  Natasha (thrice) (D:4)
  3 iguanas
  A sleepcap (D:6)
  28 orc wizards
  2 howler monkey zombies (D:9)
  2 mummies (Ossuary)
  A gnoll (shapeshifter) (D:9)
  8 adders
  20 gnolls
  3 shadow imps (D:5)
  6 white imps
  3 ufetubi (D:5)
  An adder zombie (Ossuary)
  3 worms
  4 dart slugs
  86 orcs
  8 endoplasms
  6 giant cockroaches
  8 goblins
  11 hobgoblins
  6 quokkas
  6 ball pythons
  6 bats
  A frilled lizard zombie (Crypt:2)
  3 goblin zombies (Ossuary)
  A hobgoblin skeleton (Crypt:3)
  7 hobgoblin zombies (Ossuary)
  2 jackal zombies
  14 kobolds
  11 kobold zombies (Ossuary)
  9 orc zombies (Ossuary)
  A quokka skeleton (Crypt:2)
  7 rats
  2 rat zombies
  A bush (WizLab)
  A lost soul (Elf:1)
2126 creatures vanquished.

Vanquished Creatures (collateral kills)
  An orb of fire (Zot:1)
  A caustic shrike (shapeshifter) (Vaults:5)
  A curse toe (Zot:5)
  A golden dragon (Zot:3)
  2 electric golems
  7 Orb Guardians (Zot:5)
  4 tentacled monstrosities
  2 liches
  A quicksilver dragon (Zot:5)
  2 death cobs (Zot:1)
  2 titans
  2 deep elf blademasters
  4 shadow dragons
  A tengu reaver (Vaults:5)
  3 ancient champions
  A storm dragon (Vaults:5)
  8 vault wardens
  2 deep elf sorcerers (Elf:3)
  4 frost giants
  A draconian scorcher (Zot:5)
  2 fire giants (Vaults:5)
  A curse skull (Vaults:3)
  12 ironbound preservers
  2 deep elf elementalists (Elf:3)
  9 very ugly things
  2 war gargoyles
  5 stone giants
  2 green draconians (Zot:5)
  An ironbound thunderhulk (Vaults:4)
  2 vampire knights
  A black draconian (Zot:1)
  2 yellow draconians (Zot:5)
  A deep elf annihilator (Elf:3)
  13 dire elephants
  A purple draconian (Zot:2)
  3 red draconians (Zot:5)
  A white draconian (Zot:1)
  2 eidola (Crypt:1)
  4 deep elf death magi
  2 merfolk javelineers
  2 crystal guardians (Vaults:3)
  2 fire dragons
  4 spectral elves (Elf:1)
  An entropy weaver (Vaults:2)
  An entropy weaver (shapeshifter) (Vaults:5)
  2 ettins
  3 great orbs of eyes
  9 yaktaur captains
  2 ice dragons
  A spriggan air mage (Depths:2)
  A vault guard (Vaults:4)
  A catoblepas (Shoals:4)
  4 peacekeepers
  3 centaur warriors (Vaults:1)
  4 ironbound frosthearts
  A death knight (Vaults:3)
  2 boulder beetles
  8 dancing weapons
  A deep troll shaman (Depths:4)
  2 tengu warriors
  A satyr (Shoals:4)
  A death yak (Shoals:4)
  A spriggan berserker (Depths:3)
  4 deep elf knights
  2 hell knights (Vaults:3)
  4 skeletal warriors
  A skyshark (Shoals:3)
  An iron troll (Depths:3)
  33 deep trolls
  A bog body (Crypt:2)
  5 phantasmal warriors
  6 ironbound convokers
  A deep elf archer (Elf:1)
  2 lindwurms (Vaults:1)
  5 deep elf pyromancers
  2 orc knights (Vaults:2)
  3 harpies
  2 deep elf zephyrmancers (Elf:2)
  2 necromancers
  6 ugly things
  A cyclops (D:14)
  A mana viper (shapeshifter) (Depths:1)
  A manticore (shapeshifter) (Vaults:5)
  A moth of wrath (Zot:4)
  6 vault sentinels
  A stone giant skeleton (Crypt:3)
  A yaktaur zombie (Vaults:3)
  13 yaktaurs
  3 freezing wraiths
  A merfolk (Shoals:4)
  A hornet (Vaults:5)
  2 wind drakes (Shoals:4)
  2 snapping turtles
  8 slime creatures
  4 flying skulls (Crypt:1)
  An ushabti (Crypt:3)
  A fire elemental (Elf:1)
  A glowing shapeshifter zombie (Vaults:3)
  A human zombie (Vaults:3)
  A blink frog skeleton (Crypt:3)
  An earth elemental (Elf:2)
  A polar bear zombie (Crypt:1)
  An orc (D:9)
309 creatures vanquished.

Vanquished Creatures (others)
  A draconian scorcher (Zot:5)
  A deep troll shaman (Depths:2)
  2 deep elf knights (Elf:2)
  A hellwing (Depths:2)
  A hornet (Depths:4)
  An orc wizard (D:3)
  An orc (Orc:2)
  A demonic plant (D:5)
  47 fungi
  184 plants
  4 withered plants (D:9)
244 creatures vanquished.

Grand Total: 2679 creatures vanquished

Notes
Turn   | Place    | Note
-------+----------+-------------------------------------------
     0 | D:1      | greynaab the Gargoyle Earth Elementalist began the quest
                  | for the Orb.
     0 | D:1      | Reached XP level 1. HP: 10/10 MP: 3/3
   160 | D:1      | Reached XP level 2. HP: 10/15 MP: 0/5
   231 | D:1      | Reached skill level 4 in Earth Magic
   710 | D:1      | Reached XP level 3. HP: 19/19 MP: 3/6
  1237 | D:2      | Learned a level 3 spell: Stone Arrow
  1282 | D:2      | Reached skill level 1 in Shields
  1327 | D:2      | Found a faded altar of an unknown god.
  1459 | D:2      | Reached XP level 4. HP: 24/24 MP: 3/8
  2488 | D:3      | Found a burning altar of Makhleb.
  2499 | D:3      | Reached skill level 5 in Earth Magic
  2499 | D:3      | Reached XP level 5. HP: 28/28 MP: 4/9
  2727 | D:3      | Reached XP level 6. HP: 13/32 MP: 11/11
  3398 | D:3      | Learned a level 2 spell: Passwall
  3527 | D:3      | Reached skill level 6 in Earth Magic
  3794 | D:4      | Reached XP level 7. HP: 35/36 MP: 9/13
  3923 | D:4      | Noticed Natasha
  3926 | D:4      | Killed Natasha
  3967 | D:4      | Noticed Natasha
  3970 | D:4      | Killed Natasha
  3999 | D:4      | Found a glowing golden altar of the Shining One.
  4000 | D:4      | Noticed Blork the orc
  4003 | D:4      | Killed Blork the orc
  4004 | D:4      | Reached skill level 7 in Earth Magic
  4026 | D:4      | Found a sparkling altar of Nemelex Xobeh.
  4138 | D:4      | Reached skill level 5 in Spellcasting
  4160 | D:4      | Noticed Natasha
  4165 | D:4      | Killed Natasha
  4349 | D:5      | Entered Level 5 of the Dungeon
  4414 | D:5      | Found a sand-covered staircase.
  4431 | Ossuary  | Entered an ossuary
  4582 | Ossuary  | Reached skill level 8 in Earth Magic
  4724 | Ossuary  | Reached XP level 8. HP: 41/41 MP: 12/15
  4896 | Ossuary  | Reached skill level 9 in Earth Magic
  5006 | D:5      | Found Kipp's Antique Armour Shoppe.
  5009 | D:5      | Bought a brightly glowing buckler for 190 gold pieces
  5009 | D:5      | Identified the +0 buckler of Hide-and-Seek {Slay+2} (You
                  | bought it in a shop on level 5 of the Dungeon)
  5372 | D:5      | Noticed Dowan
  5378 | D:5      | Killed Dowan
  5379 | D:5      | Reached skill level 10 in Earth Magic
  5383 | D:5      | Noticed Duvessa
  5391 | D:5      | Killed Duvessa
  5569 | D:5      | Found a staircase to the Ecumenical Temple.
  5581 | Temple   | Entered the Ecumenical Temple
  5581 | Temple   | Found a transporter.
  5581 | Temple   | Found a transporter.
  5584 | Temple   | Found a transporter.
  5584 | Temple   | Found a transporter.
  5606 | Temple   | Became a worshipper of Vehumet
  6205 | D:6      | Reached skill level 11 in Earth Magic
  6243 | D:6      | Reached XP level 9. HP: 39/45 MP: 11/16
  6294 | D:6      | Reached skill level 12 in Earth Magic
  6371 | D:6      | Found Cuj Faet's Armour Boutique.
  6719 | D:6      | Reached skill level 1 in Conjurations
  6879 | D:7      | Noticed hollowman's ghost (novice TeAE)
  6887 | D:7      | Found a runed translucent gate.
  6887 | D:7      | Found a runed translucent gate.
  6887 | D:7      | Found a runed translucent gate.
  7315 | D:7      | Reached * piety under Vehumet
  7315 | D:7      | Offered knowledge of Freeze by Vehumet.
  7316 | D:7      | Reached skill level 5 in Shields
  7402 | D:7      | Noticed Maggie
  7425 | D:7      | Killed Maggie
  7458 | D:7      | Reached skill level 5 in Conjurations
  7617 | D:7      | Reached XP level 10. HP: 50/50 MP: 14/17
  8672 | D:8      | Reached ** piety under Vehumet
  8672 | D:8      | Offered knowledge of Searing Ray by Vehumet.
  9301 | D:9      | Found a runed translucent gate.
  9700 | D:9      | Offered knowledge of Inner Flame by Vehumet.
  9733 | D:9      | Reached *** piety under Vehumet
  9869 | D:9      | Noticed a two-headed ogre
  9880 | D:9      | Learned a level 3 spell: Mephitic Cloud
 10042 | D:9      | Reached skill level 10 in Shields
 10058 | D:9      | Killed a two-headed ogre
 10059 | D:9      | Reached XP level 11. HP: 53/54 MP: 4/18
 10173 | D:9      | Noticed a two-headed ogre
 10185 | D:9      | Noticed a two-headed ogre
 10196 | D:9      | Killed a two-headed ogre
 10209 | D:9      | Noticed a two-headed ogre
 10298 | D:9      | Found a runed translucent gate.
 10298 | D:9      | Found a runed translucent gate.
 10299 | D:9      | Noticed a green ugly thing
 10299 | D:9      | Noticed a cyan ugly thing
 10299 | D:9      | Noticed a moth of wrath
 10299 | D:9      | Noticed a white ugly thing
 10300 | D:9      | Noticed a brown ugly thing
 10300 | D:9      | Noticed a glowing orange brain
 10300 | D:9      | a moth of wrath changed into a tarantella
 10301 | D:9      | Noticed a brown ugly thing
 10303 | D:9      | a tarantella changed into a mana viper
 10303 | D:9      | Noticed a mana viper (glowing shapeshifter)
 10303 | D:9      | Noticed a green ugly thing
 10312 | D:9      | Found a staircase to the Orcish Mines.
 10315 | D:9      | Offered knowledge of Frozen Ramparts by Vehumet.
 10649 | D:9      | Killed a two-headed ogre
 10659 | D:9      | Learned a level 4 spell: Iskenderun's Mystic Blast
 10825 | D:10     | Entered Level 10 of the Dungeon
 10877 | D:10     | Noticed Snorg
 10947 | D:10     | Killed Snorg
 11259 | D:10     | Noticed a two-headed ogre
 11268 | D:10     | Killed a two-headed ogre
 11551 | D:10     | Reached **** piety under Vehumet
 12020 | D:11     | Found a staircase to the Lair.
 12188 | D:11     | Offered knowledge of Airstrike by Vehumet.
 12200 | D:11     | Learned a level 4 spell: Airstrike
 12244 | D:11     | Noticed a centaur warrior
 12348 | D:11     | Found Adozxumi's Antique Armour Shoppe.
 12375 | D:11     | Killed a centaur warrior
 12413 | D:11     | Noticed a boulder beetle
 12522 | D:10     | Upgraded the game from 0.30-a0-1066-g63dfefce0d to
                  | 0.30-a0-1074-g5db6f66fbb
 12652 | D:11     | Noticed a cyclops
 12843 | D:11     | Killed a boulder beetle
 12844 | D:11     | Reached XP level 12. HP: 34/59 MP: 4/19
 13080 | D:11     | Reached skill level 10 in Conjurations
 13127 | D:11     | Noticed a boulder beetle
 13142 | D:11     | Killed a boulder beetle
 13594 | D:11     | Found Ilir Tom's General Store.
 13602 | D:11     | Bought a scroll of blinking for 112 gold pieces
 13604 | D:11     | Bought a scroll of identify for 30 gold pieces
 13604 | D:11     | Bought a scroll of identify for 30 gold pieces
 13604 | D:11     | Bought a scroll of identify for 30 gold pieces
 13604 | D:11     | Bought a scroll of identify for 30 gold pieces
 13615 | D:11     | Learned a level 3 spell: Dazzling Flash
 13656 | Lair:1   | Entered Level 1 of the Lair of Beasts
 13703 | Lair:1   | Reached skill level 15 in Shields
 13802 | Lair:1   | Reached skill level 1 in Fighting
 13999 | Lair:1   | Reached ***** piety under Vehumet
 14160 | Lair:1   | Offered knowledge of Freezing Cloud by Vehumet.
 14167 | Lair:1   | Learned a level 5 spell: Freezing Cloud
 14200 | Lair:1   | Reached skill level 1 in Ice Magic
 14805 | Lair:1   | Found a runed translucent door.
 14870 | Lair:1   | Noticed a reaper
 15638 | Lair:1   | Reached XP level 13. HP: 65/70 MP: 12/23
 15898 | Lair:2   | Reached skill level 5 in Ice Magic
 16308 | Lair:2   | You fall into a shaft and drop 1 floor!
 16584 | Lair:3   | Found a staircase to the Shoals.
 16637 | Lair:3   | Noticed Urug
 16644 | Lair:3   | Killed Urug
 17009 | Lair:2   | Noticed Amaemon
 17019 | Lair:2   | Killed Amaemon
 17691 | Lair:2   | Found a staircase to the Snake Pit.
 17899 | Lair:2   | Identified the +7 scimitar of the Jester {flame, rC- rN+
                  | MP+9 Dex+5}
 18549 | Lair:3   | Noticed Fannar
 18981 | Lair:3   | Killed Fannar
 19786 | Lair:4   | Gained mutation: Your large and strong wings let you fly.
                  | [Gargoyle growth]
 19786 | Lair:4   | Reached XP level 14. HP: 28/76 MP: 25/27
 20161 | Lair:4   | Reached skill level 10 in Spellcasting
 20202 | Lair:4   | Reached skill level 1 in Evocations
 21111 | Lair:5   | Entered Level 5 of the Lair of Beasts
 21235 | Lair:5   | Reached skill level 5 in Evocations
 21497 | Lair:5   | Found a staircase to the Slime Pits.
 21497 | Lair:5   | Found a viscous altar of Jiyva.
 22167 | Lair:5   | Offered knowledge of Irradiate by Vehumet.
 22174 | Lair:5   | Learned a level 5 spell: Irradiate
 23482 | D:12     | Found a snail-covered altar of Cheibriados.
 24014 | D:13     | Reached skill level 1 in Maces & Flails
 24014 | D:13     | Reached XP level 15. HP: 61/80 MP: 26/29
 24156 | D:13     | Reached skill level 5 in Fighting
 24387 | D:13     | Found a portal to a secret trove of treasure.
 24443 | D:13     | Found an opulent altar of Gozag.
 25105 | D:14     | Reached ****** piety under Vehumet
 25300 | D:14     | Found a runed translucent gate.
 25300 | D:14     | Found a runed translucent gate.
 25300 | D:14     | Found a runed translucent gate.
 25318 | D:14     | Reached skill level 10 in Evocations
 25896 | D:14     | Found a gate to the Vaults.
 26327 | D:15     | Entered Level 15 of the Dungeon
 26712 | D:15     | Reached skill level 5 in Maces & Flails
 27218 | D:15     | Found a staircase to the Depths.
 27467 | Orc:1    | Entered Level 1 of the Orcish Mines
 27613 | Orc:1    | Offered knowledge of Ozocubu's Refrigeration by Vehumet.
 27819 | Orc:2    | Entered Level 2 of the Orcish Mines
 28126 | Orc:2    | Noticed Erolcha
 28687 | Orc:2    | Gained mutation: You are occasionally teleported next to
                  | monsters. [a neqoxec]
 28710 | Orc:1    | Lost mutation: You are occasionally teleported next to
                  | monsters. [potion of mutation]
 28710 | Orc:1    | Gained mutation: You are strong-willed. (Will+) [potion of
                  | mutation]
 28710 | Orc:1    | Gained mutation: You are weak. (Str -2) [potion of
                  | mutation]
 29031 | Orc:2    | Found Rausiocw's Book Shoppe.
 29113 | Orc:2    | Noticed an orc warlord
 29347 | Orc:2    | Found a staircase to the Elven Halls.
 29347 | Orc:2    | Found Kazxeif's Antique Weapon Shoppe.
 29375 | Orc:2    | Noticed Rupert
 29413 | Orc:2    | Killed Rupert
 29642 | Orc:2    | Killed Erolcha
 30000 | Orc:2    | Found Tidghock's General Store.
 30008 | Orc:2    | Bought a potion of heal wounds for 65 gold pieces
 30229 | Orc:2    | Killed an orc warlord
 30230 | Orc:2    | Reached XP level 16. HP: 92/92 MP: 11/30
 30323 | Orc:2    | Found Pennosib's Antique Armour Boutique.
 30331 | Orc:2    | Bought a silken robe for 210 gold pieces
 30331 | Orc:2    | Identified the +0 robe "Hioriling" {rF+ Int+4} (You bought
                  | it in a shop on level 2 of the Orcish Mines)
 30781 | Snake:1  | Entered Level 1 of the Snake Pit
 31604 | Snake:1  | Noticed a nagaraja
 31610 | Snake:1  | Killed a nagaraja
 32223 | Snake:2  | Offered knowledge of Iskenderun's Battlesphere by Vehumet.
 32704 | Snake:2  | Found a shimmering altar of Xom.
 32806 | Snake:2  | Reached skill level 15 in Conjurations
 33394 | Snake:3  | Noticed Nikola
 33406 | Snake:3  | Killed Nikola
 33651 | Snake:3  | Noticed a nagaraja
 33659 | Snake:3  | Killed a nagaraja
 34026 | Snake:3  | Reached XP level 17. HP: 96/96 MP: 22/31
 34719 | Snake:4  | Entered Level 4 of the Snake Pit
 34923 | Snake:4  | Offered knowledge of Eringya's Noxious Bog by Vehumet.
 35132 | Snake:4  | Found Efrafipe's Jewellery Shop.
 35132 | Snake:4  | Found Zuaniqe's Book Shoppe.
 35134 | Snake:4  | Found Jonwex's Jewellery Shop.
 35142 | Snake:4  | Bought a book of Dangerous Friends for 760 gold pieces
 35142 | Snake:4  | Bought a book of Iron for 684 gold pieces
 35149 | Snake:4  | Learned a level 6 spell: Iron Shot
 35549 | Snake:4  | Reached skill level 1 in Summonings
 36425 | Snake:4  | Got a serpentine rune of Zot
 36929 | Shoals:1 | Entered Level 1 of the Shoals
 36929 | Shoals:1 | Noticed Kirke
 36936 | Shoals:1 | Noticed a sphinx
 37018 | Shoals:1 | Killed Kirke
 37174 | Shoals:1 | Reached skill level 5 in Summonings
 37446 | Shoals:1 | Offered knowledge of Conjure Ball Lightning by Vehumet.
 37921 | Shoals:1 | Reached XP level 18. HP: 96/101 MP: 22/33
 38427 | Shoals:2 | Noticed Donald
 38436 | Shoals:2 | Killed Donald
 39589 | Shoals:3 | Learned a level 7 spell: Spellforged Servitor
 40322 | Shoals:3 | Offered knowledge of Lehudib's Crystal Spear by Vehumet.
 40414 | Shoals:3 | Learned a level 8 spell: Lehudib's Crystal Spear
 40822 | Shoals:4 | Entered Level 4 of the Shoals
 42027 | Shoals:4 | Noticed Polyphemus
 42044 | Shoals:4 | Killed Polyphemus
 42121 | Shoals:4 | Got the Parchment of Feathery Execration
 42206 | Shoals:4 | Offered knowledge of Shatter by Vehumet.
 42206 | Shoals:4 | Offered knowledge of Chain Lightning by Vehumet.
 42206 | Shoals:4 | Offered knowledge of Polar Vortex by Vehumet.
 42413 | Shoals:4 | Reached XP level 19. HP: 104/105 MP: 25/36
 42424 | Shoals:4 | Reached skill level 10 in Summonings
 42462 | Shoals:4 | Got a barnacled rune of Zot
 42599 | Shoals:4 | Identified the amulet "Menkisei" {Spirit Int+3 Dex-3 SInv
                  | Stlth+}
 42944 | Vaults:1 | Entered Level 1 of the Vaults
 42981 | Vaults:1 | Reached skill level 13 in Earth Magic
 43921 | Vaults:1 | Reached skill level 14 in Earth Magic
 44734 | Vaults:1 | Upgraded the game from 0.30-a0-1074-g5db6f66fbb to
                  | 0.30-a0-1075-gcd70e7a56d
 44985 | Vaults:2 | Reached skill level 15 in Spellcasting
 45185 | Vaults:2 | Reached skill level 15 in Earth Magic
 45602 | Vaults:2 | Identified the +9 glaive "Nisol" {heavy, Int+3}
 46252 | Vaults:2 | Reached XP level 20. HP: 89/111 MP: 8/39
 46548 | Vaults:2 | Reached skill level 16 in Earth Magic
 47022 | Vaults:2 | You are sucked into a shaft and drop 2 floors!
 47678 | Vaults:3 | Reached skill level 17 in Earth Magic
 48476 | Vaults:3 | Reached skill level 18 in Earth Magic
 48860 | Vaults:3 | Reached skill level 19 in Earth Magic
 48871 | Vaults:3 | Found a staircase to the Crypt.
 50187 | Vaults:3 | Reached skill level 20 in Earth Magic
 50215 | Vaults:3 | Reached XP level 21. HP: 74/115 MP: 4/41
 50217 | Vaults:3 | Noticed an ancient lich
 50548 | Vaults:3 | Killed an ancient lich
 50563 | Vaults:3 | Noticed a golden dragon
 50569 | Vaults:3 | Killed a golden dragon
 50839 | Vaults:3 | Reached skill level 21 in Earth Magic
 50942 | Vaults:3 | Identified the staff of poison "Fuost" {rPois rC+ Str+7}
 51761 | Vaults:4 | Noticed Frederick
 51767 | Vaults:4 | Killed Frederick
 51778 | Vaults:4 | Reached skill level 22 in Earth Magic
 51782 | Vaults:4 | Found Quul's General Store.
 51808 | Vaults:4 | Bought a wand of acid (6) for 529 gold pieces
 51808 | Vaults:4 | Bought 2 potions of heal wounds for 210 gold pieces
 53411 | Elf:1    | Entered Level 1 of the Elven Halls
 53949 | Snake:4  | Bought a ring of see invisible for 165 gold pieces
 53949 | Snake:4  | Bought a ring of wizardry for 330 gold pieces
 54228 | Elf:1    | Learned a level 9 spell: Shatter
 54847 | Elf:1    | Reached skill level 23 in Earth Magic
 55944 | Elf:2    | Found Ynarch's Self-Improvement Boutique.
 55959 | Elf:2    | Paralysed by an air elemental for 1 turns
 56341 | Elf:2    | Reached skill level 5 in Dodging
 56341 | Elf:2    | Reached XP level 22. HP: 114/120 MP: 33/42
 56419 | Elf:2    | Found a runed translucent gate.
 56420 | Elf:2    | Found a runed translucent gate.
 56420 | Elf:2    | Found a runed translucent gate.
 56919 | Elf:3    | Entered Level 3 of the Elven Halls
 57132 | Elf:3    | Paralysed by an air elemental for 1 turns
 57796 | Elf:3    | Paralysed by an air elemental for 1 turns
 58018 | Elf:3    | Paralysed by an air elemental for 1 turns
 58074 | Elf:3    | Paralysed by an air elemental for 1 turns
 58445 | Elf:3    | Reached skill level 24 in Earth Magic
 58709 | Elf:3    | Identified the ring "Paav" {rC+ rCorr MP+9 Str+3 Int+2}
 58725 | Elf:3    | Identified the amulet "Utocin" {Reflect rF- Regen+ Dex+2
                  | SH+5 SInv}
 58881 | Elf:3    | Identified the +7 scimitar of Trial by Ordeal {drain,
                  | Dex+2}
 59090 | Elf:3    | Identified the staff of conjuration "Gidy" {MP+9 Dex+4
                  | Stlth-}
 59262 | Elf:3    | Identified the +12 plate armour of the Gloaming {Rampage
                  | Str-4 Dex+2}
 59294 | Elf:3    | Got the Enchiridion on Sinister Adjuration
 59307 | Elf:3    | Identified the staff of death "Woidedig" {rElec rN+}
 60363 | Depths:1 | Entered Level 1 of the Depths
 60781 | Depths:1 | Found Kiuna's Magic Scroll Emporium.
 60944 | Depths:1 | Found a one-way gate leading to the halls of Pandemonium.
 61330 | Depths:1 | Found a gateway to Hell.
 61474 | Depths:1 | Reached skill level 25 in Earth Magic
 61875 | Depths:1 | Reached skill level 1 in Armour
 62027 | Depths:2 | Found a magical portal.
 62046 | WizLab   | Entered Eringya's Formal Garden
 62342 | WizLab   | Reached XP level 23. HP: 122/124 MP: 43/43
 63099 | WizLab   | Reached skill level 10 in Dodging
 63305 | WizLab   | Found a blossoming altar of Fedhas.
 63801 | Depths:2 | Reached skill level 5 in Armour
 64037 | Depths:2 | Noticed Asterion
 64042 | Depths:2 | Killed Asterion
 64238 | Depths:1 | Noticed a caustic shrike
 64243 | Depths:1 | Killed a caustic shrike
 64281 | Depths:1 | Noticed a juggernaut
 64288 | Depths:1 | Killed a juggernaut
 64746 | Depths:2 | Found a one-way gateway to a ziggurat.
 65683 | Vaults:5 | Entered Level 5 of the Vaults
 65703 | Vaults:5 | Noticed a dread lich
 65703 | Vaults:5 | Noticed a dread lich
 65704 | Vaults:5 | Noticed a dread lich
 65706 | Vaults:5 | Killed a dread lich
 65706 | Vaults:5 | Killed a dread lich
 65706 | Vaults:5 | Killed a dread lich
 65707 | Vaults:5 | Reached XP level 24. HP: 135/135 MP: 43/43
 65716 | Vaults:5 | Noticed an ancient lich
 65718 | Vaults:5 | Reached skill level 10 in Armour
 65719 | Vaults:5 | Killed an ancient lich
 65720 | Vaults:5 | Reached skill level 10 in Fighting
 65727 | Vaults:5 | Noticed Xtahua
 65882 | Crypt:1  | Entered Level 1 of the Crypt
 66349 | Crypt:1  | Found a runed translucent gate.
 66350 | Crypt:1  | Found a runed translucent gate.
 66350 | Crypt:1  | Found an opulent altar of Gozag.
 66351 | Crypt:1  | Found a runed translucent gate.
 66352 | Crypt:1  | Found Wuagosh's Assorted Antiques.
 66353 | Crypt:1  | Found Wuagosh's Assorted Antiques.
 66353 | Crypt:1  | Noticed Micliseo's ghost (adept GrFi)
 68208 | Crypt:3  | Entered Level 3 of the Crypt
 68394 | Crypt:3  | Noticed a royal mummy
 68394 | Crypt:3  | Noticed a dread lich
 69012 | Crypt:3  | Killed a dread lich
 69186 | Crypt:3  | Reached XP level 25. HP: 151/151 MP: 39/43
 69643 | Crypt:3  | Killed a royal mummy
 70205 | Crypt:3  | Found a staircase to the Tomb.
 70449 | Crypt:3  | Found an ancient bone altar of Kikubaaqudgha.
 70453 | Crypt:3  | Found a basalt altar of Yredelemnul.
 70462 | Crypt:3  | Identified the ring of Ypsoe {rElec Will- MP+9 Str+7}
 70490 | Crypt:3  | Got the Dissertation on the Damned
 71022 | Vaults:5 | Identified the +4 rapier of the Briny Deep {freeze, rN+}
 71285 | Vaults:5 | Reached skill level 15 in Armour
 71384 | Vaults:5 | Reached skill level 15 in Fighting
 71591 | Vaults:5 | Identified the +4 dagger "Irghom" {flame, Contam Int+4}
 71941 | Vaults:5 | Killed Xtahua
 72556 | Vaults:5 | Found Jeothuxag's Book Shop.
 72600 | Vaults:5 | Identified the -1 cloak "Bimaurgh" {rF+ rC+ Regen+ Str-2}
 72772 | Vaults:5 | Got a silver rune of Zot
 74135 | Depths:3 | Found a broken altar of Ashenzari.
 74294 | Depths:3 | Found a one-way gate to the infinite horrors of the Abyss.
 74299 | Depths:3 | Found a corrupted altar of Lugonu.
 74315 | Depths:3 | Found a transporter.
 74316 | Depths:3 | Identified the +8 mace of Geol {heavy, Contam rElec rF+
                  | rC+}
 74421 | Depths:3 | Identified the amulet of Spite {Regen+ Int+7 Dex+2}
 74447 | Depths:3 | Found a transporter.
 75885 | D:7      | Killed hollowman's ghost
 75979 | D:9      | Found a runed translucent gate.
 75979 | D:9      | Found a runed translucent gate.
 75979 | D:9      | Found a runed translucent gate.
 75981 | D:9      | Noticed holysushi's ghost (novice DrCj)
 75991 | D:9      | Killed holysushi's ghost
 76363 | D:14     | Reached skill level 5 in Stealth
 76365 | D:14     | Found a runed translucent gate.
 76365 | D:14     | Found a runed translucent gate.
 76370 | D:14     | Noticed Kapsuk's ghost (journeyman DECj)
 76372 | D:14     | Found a runed translucent gate.
 76382 | D:14     | Gained mutation: You have sharp toenails. [a neqoxec]
 76384 | D:14     | Reached XP level 26. HP: 164/164 MP: 43/43
 76384 | D:14     | Killed Kapsuk's ghost
 76384 | D:14     | Gained mutation: You occasionally lose the ability to drink
                  | potions when taking damage. [a neqoxec]
 76667 | D:14     | Identified the +1 pair of boots of Xom's Displeasure
                  | {Contam Fly rPois Str+6}
 78186 | Crypt:1  | Killed Micliseo's ghost
 78335 | Crypt:1  | Bought a scroll of fog for 124 gold pieces
 78335 | Crypt:1  | Bought a potion of heal wounds for 155 gold pieces
 78338 | Crypt:1  | Bought a potion of resistance for 280 gold pieces
 78338 | Crypt:1  | Bought 2 potions of curing for 168 gold pieces
 78338 | Crypt:1  | Bought a wand of acid (8) for 940 gold pieces
 78678 | Depths:3 | Learned a level 7 spell: Orb of Destruction
 78789 | Depths:4 | Entered Level 4 of the Depths
 79408 | Depths:4 | Found a gate to the Realm of Zot.
 80331 | Depths:4 | Found Vual's Distillery.
 80400 | Depths:4 | Found Tioloruo's Magic Scroll Emporium.
 80414 | Depths:4 | Bought a potion of brilliance for 52 gold pieces
 80530 | Depths:4 | Bought a scroll of magic mapping for 135 gold pieces
 80530 | Depths:4 | Bought a scroll of fog for 72 gold pieces
 80530 | Depths:4 | Bought a scroll of summoning for 171 gold pieces
 80530 | Depths:4 | Bought a scroll of immolation for 72 gold pieces
 80530 | Depths:4 | Bought a scroll of teleportation for 54 gold pieces
 81205 | Depths:4 | Bought 2 potions of ambrosia for 208 gold pieces
 81205 | Depths:4 | Bought a potion of berserk rage for 65 gold pieces
 81205 | Depths:4 | Bought a potion of curing for 39 gold pieces
 81211 | Depths:4 | Bought a scroll of poison for 72 gold pieces
 81211 | Depths:4 | Bought a scroll of teleportation for 54 gold pieces
 81211 | Depths:4 | Bought a scroll of teleportation for 54 gold pieces
 81256 | Depths:4 | Lost mutation: You are weak. (Str -2) [potion of mutation]
 81256 | Depths:4 | Lost mutation: You occasionally lose the ability to drink
                  | potions when taking damage. [potion of mutation]
 81256 | Depths:4 | Lost mutation: You have sharp toenails. [potion of
                  | mutation]
 81256 | Depths:4 | Gained mutation: Your natural rate of healing is unusually
                  | fast. [potion of mutation]
 81256 | Depths:4 | Gained mutation: You have sharp fingernails. [potion of
                  | mutation]
 81258 | Zot:1    | Entered Level 1 of the Realm of Zot
 81863 | Zot:1    | Noticed an orb of fire
 81869 | Zot:1    | Killed an orb of fire
 81874 | Zot:1    | Reached skill level 10 in Stealth
 82294 | Zot:1    | Noticed Parghit
 82298 | Zot:1    | Killed Parghit
 83594 | Zot:1    | Reached XP level 27. HP: 166/176 MP: 43/43
 84029 | Zot:2    | Gained mutation: Your magical capacity is low. (-10% MP)
                  | [mutagenic glow]
 84973 | Zot:2    | Found a runed translucent gate.
 84973 | Zot:2    | Found a runed translucent gate.
 84973 | Zot:2    | Found a runed translucent gate.
 84973 | Zot:2    | Noticed cforsyth's ghost (legendary OpSu)
 84973 | Zot:2    | Noticed Sackuas's ghost (veteran OgBe)
 84974 | Zot:2    | Noticed Meadakhi's ghost (master DgEE)
 84974 | Zot:2    | Noticed Bucoetae's ghost (veteran OgBe)
 84975 | Zot:2    | Noticed Jeanorph's ghost (legendary MiBe)
 86089 | Zot:3    | Learned a level 4 spell: Animate Armour
 86412 | Depths:1 | Bought a scroll of teleportation for 39 gold pieces
 86412 | Depths:1 | Bought a scroll of teleportation for 39 gold pieces
 86412 | Depths:1 | Bought a scroll of enchant armour for 97 gold pieces
 86412 | Depths:1 | Bought a scroll of enchant weapon for 97 gold pieces
 86412 | Depths:1 | Bought a scroll of fear for 52 gold pieces
 86412 | Depths:1 | Bought a scroll of enchant armour for 97 gold pieces
 88084 | Crypt:1  | Bought a scroll of enchant weapon for 210 gold pieces
 88689 | Zot:3    | Identified the +0 robe of Prudence {Harm Stlth+}
 90244 | D:13     | You paid a toll of 4 scrolls of fear to enter a treasure
                  | trove
 90245 | Trove    | Entered a treasure trove
 90264 | Trove    | Identified the ring "Wumnituw" {rPois rF+ Stlth+}
 90266 | Trove    | Identified the ring "Histuw" {rPois Will+ Int+6 Dex-3 SInv}
 90285 | Trove    | Identified the +7 demon whip of Kaschyubi {vamp, Dex+3}
 92405 | Zot:5    | Entered Level 5 of the Realm of Zot
 93292 | Zot:5    | Upgraded the game from 0.30-a0-1075-gcd70e7a56d to
                  | 0.30-a0-1094-g860fb061e7
 93677 | Zot:5    | Noticed an ancient lich
 93684 | Zot:5    | Killed an ancient lich
 93737 | Zot:5    | Noticed an orb of fire
 93741 | Zot:5    | Killed an orb of fire
 93756 | Zot:5    | Noticed an ancient lich
 93763 | Zot:5    | Killed an ancient lich
 93763 | Zot:5    | Noticed an orb of fire
 93767 | Zot:5    | Killed an orb of fire
 93953 | Zot:5    | Noticed a dread lich
 93958 | Zot:5    | Killed a dread lich
 94067 | Zot:5    | Noticed an orb of fire
 94068 | Zot:5    | Gained mutation: You are dopey. (Int -2) [an orb of fire]
 94072 | Zot:5    | Killed an orb of fire
 94718 | Zot:5    | Noticed an orb of fire
 94723 | Zot:5    | Gained mutation: Your body sometimes deteriorates upon
                  | taking damage. [an orb of fire]
 94724 | Zot:5    | Killed an orb of fire
 95663 | Zot:5    | Got the Orb of Zot
 95843 | Depths:2 | Noticed Gefeur the pandemonium lord
 95882 | Depths:1 | Noticed Quimpack the pandemonium lord
 95894 | Depths:1 | Killed Quimpack the pandemonium lord
 96113 | D:10     | Noticed Fion Muo the pandemonium lord
 96342 | D:$      | Escaped with the Orb!

Illustrated notes

Levels and vault maps discovered:
D:1:      tarquinn_simple_flora_water_a, layout_loops_ring, serial_glass,
          glass_columns_b, glass_columns_b, minmay_ruptured
D:2:      layout_basic, shapermc_ecumenical_altar_notcrosses
D:3:      layout_rooms, bloody_makhleb
D:4:      layout_rooms, mainiacjoe_overflow_catwalk_spiral,
          minmay_fractal_squares_diagonal_5, uniq_blork_the_orc, uniq_natasha,
          uniq_pikel
D:5:      layout_loops_corners, minmay_temple_entry_antechambers,
          nicolae_ossuary_entry_ruins, serial_demonic, serial_demonic_c,
          serial_demonic_b, serial_demonic_b, serial_demonic_b,
          serial_demonic_a, serial_demonic_a, serial_demonic_g,
          serial_demonic_g, serial_demonic_a, serial_demonic_c, serial_shops,
          nicolae_shop_trees, uniq_duvessa
D:6:      layout_rooms, serial_shops, shop, serial_curves, eino_curves_04,
          eino_curves_03, eino_curves_02
D:7:      layout_basic, gammafunk_ghost_split,
          nicolae_concentric_dashed_squares_wild, reono_crystal_passage,
          grunt_decor_fettered, hangedman_minor_gate_pass, uniq_maggie
D:8:      layout_basic
D:9:      layout_irregular_city, hiddenorc2_lemuel, serial_undead,
          serial_undead_e, serial_undead_c, serial_undead_e, serial_undead_d,
          serial_undead_c, serial_undead_b,
          ploomutoo_gammafunk_ghost_potion_laboratory,
          chequers_serial_rivers_small_b, hellmonk_guarded_unrand_dark_maul
D:10:     layout_basic, serial_glass, glass_columns_b, glass_columns_a,
          glass_columns_a, glass_columns_a, glass_columns_a, glass_columns_b,
          uniq_snorg
D:11:     layout_loops_ring, david_lair_generic, serial_shops, shop_statue,
          nicolae_shop_trees, corexii_hall_statues_t
D:12:     layout_cave_pods, cheibrodos_worm_habitat
D:13:     layout_loops_cross, trove_entry_hex_spiral, hangedman_decor_growths,
          nicolae_gozag_seed_capital
D:14:     layout_loops_cross, david_vaults_4, minmay_misc_feat_alley,
          ploomutoo_gammafunk_ghost_potion_laboratory
D:15:     grunt_enter_depths_hoard, layout_loops_ring, palyth_stone_intersect
Temple:   hellmonk_temple_divided_pantheon
Lair:1:   layout_gridlike, nicolae_lair_grove_arrangements,
          pdpol_lair_cabin_in_the_woods
Lair:2:   layout_layer_cave, minmay_snake_entry_six_corridors,
          nicolae_lair_lil_pond, uniq_amaemon
Lair:3:   layout_hall_layers, minmay_shoals_entry_beasts,
          infiniplex_staircase_pool, grunt_megastairs_2, uniq_urug, uniq_fannar
Lair:4:   layout_gridlike
Lair:5:   minmay_lair_end_enchanted_forest, layout_cave_pods, slime_entry_1,
          grunt_forest_large_clearings
Shoals:1: cheibrodos_shoals_roost, layout_shoals, uniq_kirke
Shoals:2: layout_shoals, uniq_donald
Shoals:3: layout_shoals
Shoals:4: shoals_end_grunt_ice, layout_shoals, uniq_polyphemus
Snake:1:  layout_honeycomb, serial_bayou_lagoon_a,
          nicolae_snake_snakes_in_the_grass
Snake:2:  layout_honeycomb, basic_altar
Snake:3:  layout_honeycomb, uniq_nikola
Snake:4:  snake_pit, layout_basic, serial_bayou_shore_b, minmay_shop_grove
Orc:1:    layout_caves, nicolae_orc_damp_corner
Orc:2:    grunt_orc_gardens, layout_caves, grunt_orc_garden, grunt_orc_garden,
          grunt_orc_garden, grunt_orc_garden, guppyfry_library_mini,
          uniq_erolcha, uniq_rupert
Elf:1:    layout_onion_city, minivault_28, nicolae_elf_deep_mausoleum
Elf:2:    elven_hall_of_blades_hangedman_original
          [nicolae_blade_entry_hurt_lockers], layout_onion_city,
          nicolae_shop_self_help
Elf:3:    minmay_elf_hall_furrowed, layout_geoelf_castle
Vaults:1: nicolae_vaults_shelves_hall, vaults_mumra_hex, st_quartered_hall,
          nicolae_vaults_yaktaur_gun_rack, hangedman_vaults_trim, v_misc_14,
          nicolae_vaults_hallways_thing, vaults_room_pools,
          layout_vaults_omnigrid
Vaults:2: vaults_room_pool, nicolae_vaults_network_star, vaults_room_pool,
          ontoclasm_vaults_loading_screen, hangedman_vaults_nails,
          hangedman_vaults_nails, hangedman_vaults_hat, hangedman_vaults_nails,
          v_misc_33, v_misc_16, vaults_room_stairs_pillars,
          vaults_room_glass_cross, layout_vaults_omnicross
Vaults:3: v_misc_25, v_misc_23, v_rooms_6, st_eye, grunt_vaults_twisty,
          minmay_crypt_entry_simple_sparse, v_misc_16,
          vaults_dpeg_emergency_exit, vaults_room_grid, layout_vaults_ring
Vaults:4: nicolae_vaults_triangles, hangedman_vaults_cutoff,
          nicolae_vaults_network_s, nicolae_vaults_shelves_hall,
          hangedman_vaults_locks, vaults_room_pools, layout_vaults_chaotic_city,
          serial_shops, nicolae_shop_stone, uniq_frederick
Vaults:5: uniq_xtahua
Crypt:1:  layout_chaotic_city, ebering_ghost_gozag
Crypt:2:  layout_misc_corridors
Crypt:3:  lightli_unholy_cathedral, layout_chaotic_city,
          nicolae_tomb_entry_rubble_hallway
Depths:1: minmay_connected_triangles_in_corner, layout_gridlike, hell_entry,
          serial_shops, kennysheep_little_box, pan_entry,
          kennysheep_small_square
Depths:2: hangedman_elemental_death_ray, layout_basic, enter_ziggurat_b,
          hellmouth_2, grunt_pan_entry_spiral, mu_enter_wizlab_4, uniq_asterion
Depths:3: gammafunk_the_bubble [the_bubble_gammafunk_split], layout_basic,
          abyss_entry_flame_altar, serial_rivers,
          chequers_serial_rivers_micro_d, chequers_serial_rivers_marsh,
          chequers_serial_rivers_small_a, chequers_serial_rivers_small_a,
          rand_demon_pan_entry_3, hell_entry, nicolae_ashenzari_panopticon
Depths:4: grunt_zot_entry_alcove, layout_small_grid, hex_tiny,
          rand_demon_pan_entry_9, hell_entry, grunt_megastairs_1,
          minmay_shoptagon, serial_bayou_shore_b
Zot:1:    layout_concentric_octagons, uniq_parghit
Zot:2:    layout_onion_interference, gammafunk_ghost_cemetery
Zot:3:    layout_basic, hangedman_elemental_corridor
Zot:4:    layout_cathedral_of_symmetry, grunt_ministairs_10,
          nicolae_lava_and_water, st_stairs_2
Zot:5:    layout_basic, hangedman_zot_decor_scrapings, st_stairs_6

Skill      XL: |  1  2  3  4  5  6  7  8  9 10 11 12 13 14 15 16 17 18 19 20 21 22 23 24 25 26 27 |
---------------+----------------------------------------------------------------------------------+-----
Earth Magic    | 4 5 6 8 11 12 15 20 23 25 | 25.0
Shields        | 1 2 3 6 11 13 15 16 18 20 | 20.0
Spellcasting   | 3 4 5 6 9 10 11 13 15 16 20 | 20.7
Conjurations   | 5 7 9 10 11 12 13 15 | 15.0
Fighting       | 4 7 9 13 16 19 20 | 20.0
Ice Magic      | 4 7 |  7.0
Evocations     | 9 10 | 10.0
Maces & Flails | 1 5 12 | 12.0
Summonings     | 6 9 10 | 10.0
Dodging        | 5 9 12 | 12.0
Armour         | 3 9 13 16 19 20 | 20.1
Stealth        | 5 10 | 10.0
Transmutations | |  0.7

Action                     |  1- 3 |  4- 6 |  7- 9 | 10-12 | 13-15 | 16-18 | 19-21 | 22-24 | 25-27 || total
---------------------------+-------+-------+-------+-------+-------+-------+-------+-------+-------++-------
  Melee: Unarmed           |    18 |     5 |       |       |       |       |       |       |       ||    23
         Whip              |       |    41 |     9 |    82 |     3 |       |       |       |       ||   135
         Demon whip        |       |       |       |       |   106 |    11 |    10 |       |   110 ||   237
         Staff             |       |       |       |       |       |     8 |    25 |     1 |    26 ||    60
  Throw: Throwing net      |       |       |       |     2 |     1 |       |       |       |       ||     3
         Boomerang         |       |       |       |       |    10 |     1 |       |       |       ||    11
         Dart              |       |       |       |       |       |     1 |       |     3 |       ||     4
   Cast: Sandblast         |    50 |   100 |   196 |   372 |   800 |   769 |   523 |   321 |   195 ||  3326
         Stone Arrow       |       |       |     6 |    25 |    56 |     8 |       |       |       ||    95
         Mephitic Cloud    |       |       |       |    44 |    81 |     7 |    23 |     4 |     1 ||   160
         Iskenderun's Myst |       |       |       |    13 |     7 |       |       |       |       ||    20
         Dazzling Flash    |       |       |       |     3 |    16 |     4 |     8 |     2 |     1 ||    34
         Freezing Cloud    |       |       |       |       |    58 |   157 |    88 |    81 |    93 ||   477
         Irradiate         |       |       |       |       |    21 |    31 |    14 |    21 |    49 ||   136
         Iron Shot         |       |       |       |       |       |    15 |    61 |    60 |    84 ||   220
         Spellforged Servi |       |       |       |       |       |     5 |    84 |    26 |    69 ||   184
         Lehudib's Crystal |       |       |       |       |       |       |     6 |    76 |   277 ||   359
         Shatter           |       |       |       |       |       |       |     3 |    84 |   125 ||   212
         Orb of Destructio |       |       |       |       |       |       |       |       |     4 ||     4
         Animate Armour    |       |       |       |       |       |       |       |       |     1 ||     1
  Evoke: Wand              |       |       |     2 |     9 |    19 |     4 |    14 |     4 |    25 ||    77
         Lightning rod     |       |       |       |     3 |       |     6 |     5 |       |     4 ||    18
         Condenser vane    |       |       |       |     1 |       |     1 |     2 |       |       ||     4
         Phial of floods   |       |       |       |       |     1 |     1 |     3 |       |     1 ||     6
         Box of beasts     |       |       |       |       |       |       |     6 |       |     2 ||     8
    Use: Potion            |       |     3 |       |    12 |     5 |     2 |     2 |     3 |    13 ||    40
         Scroll            |       |       |    14 |    14 |    10 |     5 |     7 |    11 |    30 ||    91
   Stab: Sleeping          |       |       |       |       |       |     1 |       |       |       ||     1
         Distracted        |       |       |       |       |       |       |       |       |     1 ||     1
 Armour: Robe              |    16 |    64 |    25 |    92 |   209 |   177 |   135 |   160 |   113 ||   991
         Skin              |       |       |       |    43 |       |       |       |       |       ||    43
         Quicksilver drago |       |       |       |       |       |       |       |       |    62 ||    62
  Dodge: Dodged            |    17 |    95 |    48 |   237 |   354 |   281 |   172 |   115 |   170 ||  1489
  Block: Buckler           |       |       |    14 |    27 |       |       |       |       |       ||    41
         Kite shield       |       |       |       |   215 |   371 |    41 |       |       |       ||   627
         Tower shield      |       |       |       |       |   131 |   476 |   400 |   350 |   513 ||  1870
         Reflection        |       |       |       |       |       |       |       |    22 |    19 ||    41

Table legend: (Time is in decaauts)
 A = Elapsed time spent in this place.
 B = Non-inter-level travel time spent in this place.
 C = Inter-level travel time spent in this place.
 D = Time resting spent in this place.
 E = Time spent auto-exploring this place.
 F = Levels seen in this place.
 G = Mean time per level.
                   A        B        C        D        E       F      G
               +--------+--------+--------+--------+--------+-----+--------+
         Total |  98100 |  84372 |  13728 |  27613 |  37816 |  54 | 1816.7 |
       Dungeon |  22006 |  17904 |   4102 |   2811 |  11422 |  15 | 1467.1 |
        Temple |     41 |     32 |      9 |      0 |      4 |   1 |   41.0 |
          Lair |  10491 |   9353 |   1138 |   2593 |   4649 |   5 | 2098.2 |
        Shoals |   6112 |   5188 |    924 |   1360 |   2598 |   4 | 1528.0 |
     Snake Pit |   6622 |   6121 |    501 |   1277 |   3410 |   4 | 1655.5 |
  Orcish Mines |   3632 |   2826 |    806 |   1292 |    842 |   2 | 1816.0 |
   Elven Halls |   6898 |   5907 |    991 |   2495 |   1752 |   3 | 2299.3 |
        Vaults |  13764 |  12180 |   1584 |   4803 |   4674 |   5 | 2752.8 |
         Crypt |   5470 |   4548 |    922 |   2248 |   1227 |   3 | 1823.3 |
        Depths |   9091 |   7452 |   1639 |   2823 |   3126 |   4 | 2272.8 |
           Zot |  11715 |  10606 |   1109 |   4847 |   3935 |   5 | 2343.0 |
         Trove |    110 |    110 |      0 |      0 |     72 |   1 |  110.0 |
       Ossuary |    589 |    589 |      0 |    194 |     53 |   1 |  589.0 |
        Wizlab |   1551 |   1551 |      0 |    867 |     52 |   1 | 1551.0 |
               +--------+--------+--------+--------+--------+-----+--------+

Top non-repeatable levels by time:
   Zot:1: 3339 daAuts
Vaults:3: 3328 daAuts
   Zot:5: 3107 daAuts
   Elf:3: 2796 daAuts
    D:14: 2708 daAuts
Vaults:2: 2702 daAuts
  Lair:1: 2664 daAuts
Vaults:1: 2591 daAuts
Vaults:4: 2582 daAuts
Vaults:5: 2560 daAuts
Depths:1: 2502 daAuts
Depths:3: 2298 daAuts
     D:9: 2256 daAuts
Depths:4: 2244 daAuts
 Snake:4: 2202 daAuts
